Ukali, chaotic male human Wizard ------------- |...........| ---------------- |.........ya.#########a@[.).........<...| |...........| |{....*........| |...........| |..............| +...........| ---------------- ---.--------- [ %?# # Ukali the Thaumaturge Experience level: 7 Strength: 12 Dexterity: 12 Constitution: 14 Intelligence: 16 Wisdom: 11 Charisma: 11 Health: 0(58) Energy: 25(48) AC: 4 Gold: 314 Moves: 3449 Your Inventory: Coins $ - 314 gold pieces Amulets m - an uncursed elliptic amulet [versus poison] (being worn) Weapons a - a blessed +1 quarterstaff (weapon in hands) N - a [blessed] rustproof [+0] athame named Magicbane [Magicbane] (alternate weapon; not wielded) Armor b - an uncursed +0 cloak of magic resistance (being worn) p - an uncursed [+0] iron skull cap [orcish helm] q - an uncursed +0 iron skull cap [of drain resistance] and displacement [orcish helm] (being worn) u - an uncursed [+0] hooded cloak [dwarvish] J - an uncursed [+0] pair of hard shoes [iron] K - an uncursed [+0] pair of hard shoes [iron] L - a blessed +3 pair of walking shoes [low] (being worn) O - an uncursed [+0] coarse mantelet [of dexterity (orcish cloak)] P - an uncursed [+2] iron skull cap [of displacement (orcish helm)] Scrolls h - an uncursed scroll of identify i - an uncursed scroll of food detection j - 2 uncursed scrolls of confuse monster Spellbooks k - a blessed spellbook of force bolt l - an uncursed spellbook of magic missile Potions f - 2 uncursed potions of water g - a blessed potion of see invisible C - an uncursed viscous potion [of healing] H - a blessed yellow potion [of object detection] Q - an uncursed white potion [of acid] Rings d - an uncursed ring of polymorph e - an uncursed ring of teleport control (on right hand) r - an uncursed jacinth ring [of shock resistance] (on left hand) Wands c - an uncursed wand of fire (0:5) Tools y - 15 uncursed [wax] candles D - an uncursed bag [sack] I - an uncursed looking glass [mirror] Gems z - an uncursed violet gem [fluorite] Spells known in the end: Name Level Category Fail Memory a - force bolt 1 attack 0% [|||||||.] b - magic missile 2 attack 0% [|||||||.] Your skills at the end: Fighting Skills Weapon Skills quarterstaff [Basic / Expert] Spellcasting Skills attack spells [Basic / Expert] enchantment spells [Basic / Skilled] Final Attributes: You were piously aligned. Hunger level was -46. Your alignment was 26 / 27. Monster difficulty range was 0 - 6. Level difficulty was 5. You were immune to electricity. You were immune to poison. You were immune to level-drain. You were magic-protected. You were displaced. You had teleport control. You were unlucky (-2). Anhur was angry with you (1). You are dead. Vanquished creatures: a leprechaun a blue jelly a wood nymph 6 Uruk-hai a fog cloud a shrieker a kobold mummy a straw golem a wax golem a kitten a dwarf a kobold lord 2 rothes 4 iguanas 2 killer bees a large kobold a hobgoblin 2 cave spiders 16 garter snakes 3 gnome zombies 2 geckos 2 jackals a fox 2 kobolds 3 goblins a sewer rat 4 grid bugs 4 bats a lichen a kobold zombie 2 newts 71 creatures vanquished. Voluntary challenges: You used a wielded weapon 61 times. You read items or engraved 52 times. You put on armor 3 times. You never genocided any monsters. You never polymorphed an object. You never changed form. You used no wishes. You wrote Elbereth's name 45 times. You never encountered a bones level. You never used any Sokoban shortcuts. Dungeon overview: The Dungeons of Doom: levels 1 to 5 Level 1 a fountain a long staircase Level 2 a sink stairs to The Gnomish Mines Level 3 a fountain Level 4 an altar to Anhur Level 5 <- You were here a fountain The Gnomish Mines: Level 3 stairs to The Dungeons of Doom History has recorded: On T:1 you entered the Dungeons of Doom to retrieve the Amulet of Yendor! On T:303 you reached level 2 of The Dungeons of Doom. On T:467 you advanced to experience level 2. On T:551 you reached level 3 of The Dungeons of Doom. On T:584 you reached level 1 of The Gnomish Mines. On T:731 you advanced to experience level 3. On T:1076 you advanced to experience level 4. On T:1130 you reached level 4 of The Dungeons of Doom. On T:1233 you advanced to experience level 5. On T:1837 you advanced to experience level 6. On T:2219 you reached level 5 of The Dungeons of Doom. On T:2532 you advanced to experience level 7. On T:2724 you received Magicbane from Anhur. Latest messages: The killer bee stings! [HP-1=22] The killer bee stings! [HP-2=20] The killer bee just misses! The killer bee stings! [HP-2=18] The killer bee stings! [HP-1=17] The killer bee stings! (2x) [HP-3=14] The killer bee stings! [HP-3=11] The killer bee stings! (2x) [HP-3=8] The killer bee stings! [HP-3=5] The killer bee stings! (2x) You regain consciousness. [HP-4=1] [13 turns] You are too hungry to cast that spell. You faint from lack of food. The killer bee stings! You die... Final status: Goodbye Ukali the Wizard... You died in The Dungeons of Doom on dungeon level 5 with 1099 points, and 314 pieces of gold, after 3449 moves. You were level 7 with a maximum of 58 hit points when you died.